 Dungeon Crawl Stone Soup version 0.29.1-15-g9cfb28693d (webtiles) character file.

Game seed: 477107975715360785

1356 LLlMATKO the Trooper (level 8, 0/73 HPs)
             Began as a Minotaur Berserker on Apr 18, 2023.
             Was an Elder of Trog.
             Succumbed to a gnoll's poison
             ... on level 6 of the Dungeon.
             The game lasted 00:05:36 (5865 turns).

LLlMATKO the Trooper (Minotaur Berserker)           Turns: 5865, Time: 00:05:37

Health: 0/73       AC: 10    Str: 22    XL:     8   Next: 37%
Magic:  7/7        EV: 10    Int:  4    God:    Trog [****..]
Gold:   269        SH:  5    Dex: 12    Spells: 7/7 levels left

rFire   . . .      SeeInvis .   t - +0 war axe
rCold   . . .      Faith    .   (no shield)
rNeg    . . .      Spirit   .   A - +0 chain mail
rPois   .          Reflect  +   (helmet restricted)
rElec   .          Harm     .   (no cloak)
rCorr   .          Rampage  .   (no gloves)
Will    .....                   (no boots)
Stlth   ..........              s - amulet of reflection
HPRegen 0.22/turn               w - ring of flight
MPRegen 0.10/turn               (no ring)

@: lethally poisoned (0 -> -17), on berserk cooldown, flying, slowed, very slow
A: horns 2, retaliatory headbutt
a: Renounce Religion, Berserk, Trog's Hand, Brothers in Arms


You were on level 6 of the Dungeon.
You worshipped Trog.
Trog was greatly pleased with you.
You visited 1 branch of the dungeon, and saw 6 of its levels.
You also visited: Ossuary.

You collected 269 gold pieces.

Inventory:

Hand Weapons
 q - a +0 vorpal spear
 t - a +0 war axe (weapon)
 H - a +2 spear of venom
Missiles
 c - 17 poisoned darts (quivered)
 u - a boomerang
 y - a throwing net
Armour
 A - a +0 chain mail (worn)
Jewellery
 b - a +6 ring of intelligence
 s - an amulet of reflection (around neck)
 w - a ring of flight (left hand)
 x - a ring of protection from cold
 G - a ring of protection from cold
Wands
 p - a wand of iceblast (13)
Scrolls
 e - a scroll of magic mapping
 f - 5 scrolls of teleportation {unknown}
 g - a scroll of fear {unknown}
 i - 11 scrolls of identify {unknown}
 k - a scroll of enchant armour {unknown}
 l - a scroll of blinking {unknown}
 o - 4 scrolls of poison {unknown}
 z - 3 scrolls of amnesia {unknown}
 C - 2 scrolls of brand weapon {unknown}
 E - a scroll of acquirement {unknown}
 F - a scroll of noise {unknown}
Potions
 a - a potion of degeneration {unknown}
 d - 5 potions of curing {unknown}
 h - 2 potions of might {unknown}
 j - 3 potions of berserk rage {unknown}
 m - 3 potions of ambrosia {unknown}
 n - 2 potions of lignification {unknown}
 r - a potion of brilliance {unknown}
 v - a potion of flight {unknown}
 B - a potion of resistance {unknown}
 D - a potion of magic {unknown}


   Skills:
 + Level 7.2 Fighting
 + Level 7.1 Axes
 + Level 6.5 Armour
 + Level 6.0 Dodging


You had 7 spell levels left.
You didn't know any spells.
Your spell library was empty.

Dungeon Overview and Level Annotations

Branches:
Dungeon (6/15)             Temple (0/1) D:5         Ossuary (visited)

Altars:
Makhleb


Innate Abilities, Weirdness & Mutations

You have a pair of horns on your head.
You reflexively headbutt those who attack you in melee.


Message History

You are more poisoned.
You are too injured to fight recklessly!
A red film seems to cover your vision as you go berserk!
You feel yourself moving faster!
You feel mighty!
* * * LOW HITPOINT WARNING * * *
You feel extremely sick. The gnoll barely misses you.
You feel a strong urge to attack something.
* * * LOW HITPOINT WARNING * * *
You feel extremely sick.
You see here a water moccasin corpse.
You slash the gnoll! Your headbutt misses the gnoll.
The gnoll is almost dead.
* * * LOW HITPOINT WARNING * * *
You feel extremely sick. You block the gnoll's attack.
You slash the gnoll!
You kill the gnoll!
Trog accepts your kill.
* * * LOW HITPOINT WARNING * * *
You feel very sick.
Your Dodging skill increases to level 6!
* * * LOW HITPOINT WARNING * * *
You feel very sick.
Things that are here:
a +2 spear of venom; 12 gold pieces
H - a +2 spear of venom You feel a strong urge to attack something.
* * * LOW HITPOINT WARNING * * *
You feel very sick.
There is a lethal amount of poison in your body!
There is a lethal amount of poison in your body!
You are too berserk!
You are too berserk!
* * * LOW HITPOINT WARNING * * *
You feel very sick.
You feel your anger nearly subside.
You are no longer berserk.
You are exhausted.
You feel yourself slow down.
You die...

********* * ####.......# **
#..........# ,* #..........######
,* #...............# ,*********
#...........#...#### ,,,...,,,*
*...................
*,*#.#**,#######.........#...####
*,*#.# *,#......@†.####......#
*,*#.# *,#.#####........###.##
*,*#.# *,*,* **#.#.###### #.#
*,*#.# *,*,* *...#.# ##'## *,*#.#
*,*,**#.###.# ##...##
*,*#<#**,*,,...,,..# ##.....##
#........#,...,,,..# ##.......##
##...#####,###,*...#**#.........#
......,,,,,,,,,,....,,+.........'


There were no monsters in sight!

Vanquished Creatures
  Grinder (D:3)
  A water moccasin (D:6)
  A black bear (D:4)
  An ogre (D:4)
  An elf zombie (Ossuary)
  A necrophage (D:4)
  2 scorpions
  2 centaur zombies (Ossuary)
  An orc priest (D:5)
  A hound (D:5)
  A gnoll bouda (D:5)
  A jelly (D:5)
  An iguana (D:5)
  2 orc wizards
  2 mummies (Ossuary)
  9 gnolls
  10 adders
  A white imp (D:4)
  An ufetubus (D:5)
  An adder zombie (Ossuary)
  2 dart slugs
  4 worms
  18 orcs
  8 endoplasms
  3 giant cockroaches
  12 goblins
  8 hobgoblins
  8 jackals
  10 kobolds
  2 quokkas
  11 ball pythons
  3 bats
  2 frilled lizards
  3 goblin zombies (Ossuary)
  6 hobgoblin zombies (Ossuary)
  A jackal zombie (Ossuary)
  12 kobold zombies (Ossuary)
  10 orc zombies (Ossuary)
  5 rats
  A rat zombie (Ossuary)
170 creatures vanquished.

Notes
Turn   | Place    | Note
-------+----------+-------------------------------------------
     0 | D:1      | LLlMATKO the Minotaur Berserker began the quest for the
                  | Orb.
     0 | D:1      | Reached XP level 1. HP: 19/19 MP: 0/0
    28 | D:1      | Reached XP level 2. HP: 23/27 MP: 1/1
   419 | D:1      | Found a faded altar of an unknown god.
   426 | D:1      | Reached XP level 3. HP: 27/33 MP: 2/2
   911 | D:2      | Reached ** piety under Trog
  1390 | D:2      | Identified the +10 sling "Beet" {freeze, Fragile Int+4
                  | Dex+4}
  1513 | D:2      | Reached XP level 4. HP: 31/41 MP: 3/3
  2292 | D:3      | Noticed Grinder
  2293 | D:3      | Paralysed by Grinder for 3 turns
  2308 | D:3      | Killed Grinder
  2309 | D:3      | Reached skill level 5 in Fighting
  2309 | D:3      | Reached skill level 5 in Axes
  2309 | D:3      | Reached XP level 5. HP: 14/48 MP: 4/4
  2309 | D:3      | Reached XP level 6. HP: 16/56 MP: 5/5
  2767 | D:3      | You fall into a shaft and drop 1 floor!
  3520 | D:4      | Reached XP level 7. HP: 62/62 MP: 6/6
  3665 | D:4      | Reached skill level 5 in Armour
  3976 | D:4      | Reached *** piety under Trog
  4087 | D:4      | Reached skill level 5 in Dodging
  4220 | D:5      | Entered Level 5 of the Dungeon
  4463 | D:5      | Found a staircase to the Ecumenical Temple.
  4805 | D:5      | Reached XP level 8. HP: 30/71 MP: 7/7
  5175 | D:5      | Found a burning altar of Makhleb.
  5175 | D:5      | Noticed a balrug
  5390 | D:6      | Found a sand-covered staircase.
  5395 | Ossuary  | Entered an ossuary
  5449 | Ossuary  | Reached **** piety under Trog
  5864 | D:6      | HP: 3/109 [poisoned by a gnoll]
  5865 | D:6      | Succumbed to a gnoll's poison

Illustrated notes

Levels and vault maps discovered:
D:1:      amcnicky_arrival_underground_garden, layout_rooms,
          hellmonk_ecumenical_altar_blasted
D:2:      layout_basic
D:3:      layout_loops_ring, uniq_grinder
D:4:      minmay_chambers_of_threes, layout_loops_cross, st_stairs_11,
          minmay_statues_item, minivault_4
D:5:      layout_rooms, makhleb_altar_promises_db,
          minmay_temple_entry_butterflies
D:6:      layout_loops_corners, nicolae_ossuary_entry_plus

Skill      XL: |  1  2  3  4  5  6  7  8 |
---------------+-------------------------+-----
Fighting       | 4 5 6 7 |  7.2
Axes           | 4 5 6 7 |  7.1
Armour         | 3 4 6 |  6.5
Dodging        | 3 4 5 6 |  6.0

Action                   |  1- 3 |  4- 6 |  7- 9 || total
-------------------------+-------+-------+-------++-------
Melee: Hand axe          |    76 |    80 |    13 ||   169
       Headbutt          |     9 |    17 |    17 ||    43
       Punch             |     1 |     3 |     1 ||     5
       War axe           |       |       |   133 ||   133
Throw: Dart              |       |     2 |       ||     2
Invok: Berserk           |     1 |     2 |     4 ||     7
       Trog's Hand       |       |       |     1 ||     1
  Use: Scroll            |       |       |     1 ||     1
 Stab: Distracted        |     1 |       |       ||     1
       Sleeping          |     1 |       |       ||     1
Armor: Animal skin       |    12 |     2 |       ||    14
       Ring mail         |       |     6 |    33 ||    39
       Chain mail        |       |       |    23 ||    23
Dodge: Dodged            |    57 |    43 |   105 ||   205
Block: Other             |       |       |    40 ||    40
       Reflection        |       |       |     1 ||     1
